 Dungeon Crawl Stone Soup version 0.30.1-3-gfc49f6343a (console) character file.

Game seed: 15307050628072823892

30 petzl the Sneak (level 3, -1/29 HPs)
             Began as a Formicid Delver on July 19, 2023.
             Splashed by a jelly's acid (8 damage)
             ... on level 5 of the Dungeon.
             The game lasted 00:00:39 (42 turns).

petzl the Sneak (Formicid Delver)                     Turns: 42, Time: 00:00:40

Health: -1/29      AC: -1    Str: 16    XL:     3   Next: 35%
Magic:  1/7        EV: 12    Int: 11    God:
Gold:   0          SH:  0    Dex: 15    Spells: 7/7 levels left

rFire   . . .        a - +0 mace
rCold   . . .        (no shield)
rNeg    . . .        b - +0 leather armour
rPois   .            (helmet unavailable)
rElec   .            (no cloak)
rCorr   .            (no gloves)
SInv    +            (no boots)
Will    .....        (no amulet)
Stlth   +++          (no ring)
HPRegen 0.24/turn    (no ring)
MPRegen 0.10/turn

%: no passive effects
@: corroded
A: permanent stasis, dig shafts and tunnels, antennae 3, four strong arms
a: Dig, Shaft Self


You were on level 5 of the Dungeon.
You visited 1 branch of the dungeon, and saw 2 of its levels.

Inventory:

Hand Weapons
 a - a +0 mace (weapon)
Armour
 b - a +0 leather armour (worn)
Magical Staves
 g - a staff of fire
Wands
 f - a wand of digging (3)
Scrolls
 c - a scroll of fog
 d - a scroll of magic mapping
 e - a scroll of fear


   Skills:
 - Level 3.2 Fighting
 - Level 2.0 Maces & Flails
 - Level 1.7 Dodging
 - Level 6.0 Stealth
 + Level 2.7 Spellcasting


You had 7 spell levels left.
You didn't know any spells.
Your spell library was empty.

Dungeon Overview and Level Annotations

Branches:
Dungeon (6/15)
 Temple: D:4-7

Altars:


Innate Abilities, Weirdness & Mutations

You cannot be hasted, slowed, berserked, paralysed or teleported.
You can dig through walls and to a lower floor.
You have a pair of large antennae on your head. (SInv)
Your four strong arms can wield two-handed weapons with a shield.


Message History

You hit the hound.
The hound is heavily wounded.
The hound bites you but does no damage. The hound barely misses you.
You barely miss the hound.
The hound is heavily wounded.
The hound barely misses you. The hound completely misses you.
The jelly closely misses you. The jelly attacks as you move away!
The jelly hits you.
You are splashed with acid.
The hound barely misses you.
You completely miss the hound.
The hound is heavily wounded.
The hound bites you. The hound bites you but does no damage.
You hit the hound.
The hound is almost dead.
The hound bites you. The hound closely misses you.
You closely miss the hound.
The hound is almost dead.
The hound bites you but does no damage. x2
You hit the hound.
The hound is almost dead.
The hound bites you.
* * * LOW HITPOINT WARNING * * *
The hound bites you.
* * * LOW HITPOINT WARNING * * *
You sock the hound!
You kill the hound!
Your Spellcasting skill gained 2 levels and is now at level 2!
You have reached level 2!
You have reached level 3!
Your experience leads to an increase in your attributes!
Increase (S)trength, (I)ntelligence, or (D)exterity?
You feel clever. x2
Unknown command.
Are you sure you want to shaft yourself?
The jelly closely misses you.
You begin to dig a shaft.
You continue digging a shaft.
The jelly hits you.
* * * LOW HITPOINT WARNING * * *
The acid corrodes you!
You are splashed with acid!
You die...

#..# #####..#
#.#####......######
#.................#
######..##.#.####.#
#.>##.#.# #.#
#..##.#.####.####
#..##..#........#
#..##.#...##.##.#
#..##.###.##.# #
...# #@##.# { #.##
##J##.# #. #...#.#
............#
####.##...### #.
##.## #. #.# .. ..#
# #.# .<


You could see a jelly.

Vanquished Creatures
  A hound (D:5)
1 creature vanquished.

Notes
Turn   | Place    | Note
-------+----------+-------------------------------------------
     0 | D:5      | petzl the Formicid Delver began the quest for the Orb.
     0 | D:5      | Reached XP level 1. HP: 18/18 MP: 1/1
     2 | D:6      | Noticed an iguana
     2 | D:6      | Noticed a gnoll bouda
     9 | D:5      | Noticed an orc priest
    25 | D:5      | Noticed a hound
    28 | D:5      | Noticed a jelly
    40 | D:5      | Killed a hound
    41 | D:5      | Reached XP level 2. HP: 6/24 MP: 1/5
    41 | D:5      | Reached XP level 3. HP: 8/29 MP: 1/7
    42 | D:5      | Splashed by a jelly's acid

Illustrated notes

Levels and vault maps discovered:
D:5:      layout_loops_ring, okawaru_metal_pillars_3,
          mainiacjoe_overflow_alcove_4
D:6:      lemuel_castle_with_subvaults [lemuel_castle_interior_carwin_1],
          layout_basic, worldfamousw_hep_ancestral_shrine, minivault_19,
          uniq_grinder

Skill      XL: |  1 |
---------------+----+-----
Spellcasting   | 2 |  2.7
Fighting       | |  3.2
Maces & Flails | |  2.0
Dodging        | |  1.7
Stealth        | |  6.0

Action                     || total
---------------------------++-------
  Melee: Mace              ||    10
Ability: Shaft Self        ||     1
 Armour: Leather armour    ||     5
  Dodge: Dodged            ||    12
